 Dungeon Crawl Stone Soup version 0.27-a0-1334-g2746e35aca (webtiles) character file.

Game seed: 15647624121926971845

33 Sabo the Skirmisher (level 3, 31/31 HPs)
             Began as a Palentonga Fighter on June 27, 2021.
             Was a Follower of Kikubaaqudgha.
             Got out of the dungeon alive.
             The game lasted 00:06:13 (1305 turns).

Sabo the Skirmisher (Palentonga Fighter)            Turns: 1305, Time: 00:06:14

Health: 31/31      AC:  7    Str: 20    XL:     3   Next: 12%
Magic:  12/12      EV:  5    Int:  8    God:    Kikubaaqudgha [*.....]
Gold:   22         SH:  8    Dex:  9    Spells: 2/2 levels left

rFire    . . .     SeeInvis +   a - +0 war axe
rCold    . . .     Faith    .   c - +0 kite shield
rNeg     . . .     Spirit   .   b - +0 scale mail
rPois    .         Reflect  .   (no helmet)
rElec    .         Harm     .   (no cloak)
rCorr    .         Rampage  .   p - +0 pair of gloves
Will     .....                  (no barding)
Stlth    ..........             (no amulet)
HPRegen  0.10/turn              i - ring of magical power
MPRegen  0.13/turn              (no ring)

@: no status effects
A: large, rugged brown scales 3, see invisible, deformed body, roll 1, armoured
tail
a: Rolling Charge, Renounce Religion, Receive Corpses


You escaped.
You worshipped Kikubaaqudgha.
Kikubaaqudgha was aware of your devotion.
You visited 1 branch of the dungeon, and saw 1 of its levels.

You collected 22 gold pieces.

Inventory:

Hand Weapons
 a - a +0 war axe (weapon)
Missiles
 j - 15 sling bullets
 l - 5 boomerangs
 m - 11 arrows
 o - 12 bolts
Armour
 b - a +0 scale mail (worn)
 c - a +0 kite shield (worn)
 p - a +0 pair of gloves (worn)
Jewellery
 i - a ring of magical power (left hand)
Scrolls
 f - a scroll of enchant armour {unknown}
 g - a scroll of amnesia {unknown}
 k - 3 scrolls of identify {unknown}
 n - a scroll of enchant weapon {unknown}
Potions
 d - a potion of might
 e - 2 potions of heal wounds {unknown}
 h - 2 potions of flight {unknown}


   Skills:
 + Level 3.3 Fighting
 + Level 2.3 Axes
 + Level 2.8 Armour
 + Level 2.7 Shields


You had 2 spell levels left.
You didn't know any spells.
Your spell library contained the following spells:

 Spells                   Type           Power      Damage    Failure   Level
 Animate Skeleton         Necr           0%         N/A       99%         1
 Pain                     Necr           0%         1d4       99%         1
 Sublimation of Blood     Necr           0%         N/A       100%        2
 Vampiric Draining        Necr           0%         2d6       100%        3


Dungeon Overview and Level Annotations

Branches:
Dungeon (1/15)

Altars:
Kikubaaqudgha


Innate Abilities, Weirdness & Mutations

You are completely covered in rugged brown scales. (AC +3, +7% HP)
You have supernaturally acute eyesight. (SInv)
Armour fits poorly on your strangely shaped body.
You can roll at nearby foes to attack.
You have a long armoured tail.


Message History

The dart slug launches a dart at you. The slug dart hits you.
You hit the dart slug but do no damage.
The dart slug is almost dead.
You hit the rat.
You kill the rat!
The dart slug launches a dart at you. You block the slug dart.
You hit the dart slug.
You kill the dart slug!
Unknown command.
You see here a dart slug corpse.
You start resting.
HP restored.
There is a faded altar of an unknown god here.
You cannot tell which god this altar belongs to.
Convert to them anyway?
Kikubaaqudgha accepts your prayer! Kikubaaqudgha welcomes you!
You can now receive cadavers from Kikubaaqudgha.
Kikubaaqudgha grants you a gift!
You add the spells Pain, Sublimation of Blood, Animate Skeleton and Vampiric Draining to your library.
n - a scroll labelled POUW OSEUSM
Found 12 bolts.
You see here 12 bolts.
o - 12 bolts
Found a pair of gloves.
You see here a +0 pair of gloves.
p - a +0 pair of gloves You start putting on your armour.
You continue putting on your +0 pair of gloves. x4
You finish putting on your +0 pair of gloves.
There's nothing you can charge at!
Number of times to repeat, then command key: You must enter the number of times for the command to repeat.
There is an open door here.
There is an open door here.
There is a staircase leading out of the dungeon here.
You can't go down here!
Are you sure you want to leave the Dungeon?
This will make you lose the game!
You have escaped!

.....# ##.###...###.########.##
.....# #.## #...# ##.# #.# .....#
#.# ##'## #.# #.# .....# ##.#
#[..# #.## #.# '#.###
#.#####...#####.# #.# .#.#
#.#≈≈.#...#.≈≈#.######.# .#.#
#.#≈≈.#...#.≈≈#.#......##
.#.######.#≈§§#...#.§§#.#.#.....#
.#........+≈..'.@.'.§≈#.......#.#
.#.###..#.#§..#...#§§≈#.#...#.#.#
##.# #.##.#≈≈.#...#.≈§#.#.......#
#.# #.##.#≈≈.#...#.≈≈#.#.#.#.###
#.# #.##.#####...#####.#.....#
#.###.###. #...# #.##########
#.......#. ##'## #.#...†.....
#####.#.#. #...# ##.#.########
######.#.##. #...###.##.#


There were no monsters in sight!

Vanquished Creatures
  A dart slug (D:1)
  4 ball pythons (D:1)
  An endoplasm (D:1)
  2 giant cockroaches (D:1)
  5 goblins (D:1)
  2 hobgoblins (D:1)
  2 jackals (D:1)
  2 kobolds (D:1)
  3 quokkas (D:1)
  2 bats (D:1)
  4 frilled lizards (D:1)
  3 rats (D:1)
31 creatures vanquished.

Notes
Turn   | Place    | Note
-------+----------+-------------------------------------------
     0 | D:1      | Sabo the Palentonga Fighter began the quest for the Orb.
     0 | D:1      | Reached XP level 1. HP: 19/19 MP: 1/1
   275 | D:1      | Reached XP level 2. HP: 25/25 MP: 2/2
   989 | D:1      | Reached XP level 3. HP: 25/31 MP: 3/3
  1103 | D:1      | Noticed a shining eye
  1105 | D:1      | Found a faded altar of an unknown god.
  1107 | D:1      | Noticed a shining eye
  1107 | D:1      | Noticed a golden eye
  1107 | D:1      | Noticed a shining eye
  1144 | D:1      | Became a worshipper of Kikubaaqudgha
  1144 | D:1      | Reached * piety under Kikubaaqudgha
  1144 | D:1      | Received a gift from Kikubaaqudgha
  1305 | D:$      | Got out of the dungeon alive.

Illustrated notes

Levels and vault maps discovered:
D:1:      dpeg_arrival_yet_another_circle, layout_basic,
          hellmonk_ecumenical_altar_watching_god, minivault_25,
          serial_park_tiny_pond

Action                   || total
-------------------------++-------
Melee: War axe           ||    91
       Tailslap          ||     8
Armor: Scale mail        ||    55
Dodge: Dodged            ||    26
Block: Kite shield       ||    49

Table legend: (Time is in decaauts)
 A = Elapsed time spent in this place.
 B = Non-inter-level travel time spent in this place.
 C = Inter-level travel time spent in this place.
 D = Time resting spent in this place.
 E = Time spent auto-exploring this place.
 F = Levels seen in this place.
 G = Mean time per level.
                   A        B        C        D        E       F      G
               +--------+--------+--------+--------+--------+-----+--------+
         Total |   1359 |   1359 |      0 |    351 |      0 |   1 | 1359.0 |
       Dungeon |   1359 |   1359 |      0 |    351 |      0 |   1 | 1359.0 |
               +--------+--------+--------+--------+--------+-----+--------+

Top non-repeatable levels by time:
     D:1: 1359 daAuts
